 Dungeon Crawl Stone Soup version 0.25-a0-1024-gbfbf38f2cb (webtiles) character file.

Game seed: 6995268987633378895, levelgen mode: deterministic

91 Flugslaktarn the Skirmisher (level 4, -2/35 HPs)
             Began as a Mummy Fighter on May 12, 2020.
             Slain by an orc warrior
             ... wielding a +0 flail
              (15 damage)
             ... on level 1 of the Dungeon.
             The game lasted 00:01:36 (1881 turns).

Flugslaktarn the Skirmisher (Mummy Fighter)         Turns: 1881, Time: 00:01:37

Health: -2/35      AC:  7    Str: 19    XL:     4   Next: 34%
Magic:  4/4        EV:  7    Int:  7    God:
Gold:   100        SH:  9    Dex: 12    Spells: 3/3 levels left

rFire    x . .     SeeInvis .   d - +1 hand axe (elec)
rCold    + . .     Gourm    .   c - +0 kite shield
rNeg     + + +     Faith    .   b - +0 scale mail
rPois    ∞         Spirit   .   h - +0 helmet
rElec    .         Reflect  .   (no cloak)
rCorr    .         Harm     .   (no gloves)
MR       .....                  (no boots)
Stlth    ..........             (no amulet)
HPRegen  0.11/turn              (no ring)
MPRegen  0.09/turn              (no ring)

@: no status effects
A: no food or potions, fire vulnerability, cold resistance 1, negative energy
resistance 3, torment resistance, unbreathing
a: no special abilities


You were on level 1 of the Dungeon.
You were not hungry.

You visited 1 branch of the dungeon, and saw 2 of its levels.

You collected 100 gold pieces.

Inventory:

Hand Weapons
 a - a +1 war axe
 d - a +1 hand axe of electrocution (weapon)
   (You found it on level 1 of the Dungeon)
Armour
 b - a +0 scale mail (worn)
 c - a +0 kite shield (worn)
 h - a +0 helmet (worn)
   (You found it on level 1 of the Dungeon)
Scrolls
 e - a scroll of identify {unknown}
 f - a scroll of random uselessness {unknown}
 g - a scroll of remove curse {unknown}
 i - a scroll of amnesia {unknown}
 j - a scroll of fear {unknown}
 k - a scroll of noise {unknown}


   Skills:
 + Level 3.5 Fighting
 * Level 2.6 Axes
 + Level 2.9 Armour
 + Level 2.9 Shields


You had 3 spell levels left.
You didn't know any spells.
Your spell library was empty.

Dungeon Overview and Level Annotations

Branches:
Dungeon (2/15)

Altars:
Makhleb


Innate Abilities, Weirdness & Mutations

You do not eat or drink.
Your flesh is vulnerable to fire.
You are immune to poison.
Your flesh is cold resistant. (rC+)
You are immune to negative energy. (rN+++)
You are immune to unholy pain and torment.
You can survive without breathing.


Message History

Unknown command.
Unknown command.
You block the orc warrior's attack.
You see here a +0 dagger.
You see here a +0 club.
The orc warrior hits you with a +0 flail!
* * * LOW HITPOINT WARNING * * *
There is a stone staircase leading down here.
There is a stone staircase leading down here.
The orc warrior closely misses you.
You see here a +2 ring of intelligence.
You completely miss the orc warrior.
The orc warrior hits you with a +0 flail!
You hit the orc warrior.
The orc warrior is lightly wounded.
You block the orc warrior's attack.
You hit the orc warrior but do no damage.
The orc warrior is lightly wounded.
The orc warrior hits you with a +0 flail!
You die...

####....(............#
........(.....)......#
...........[.........#####
(........................##
.).....%.............###..#
#.######.....#.....#.####.####
..############.#.###.........#
####........##.#.###.#########
#............@o....##
####........####.#.#...##########
.......#########.#..............#
######..........................#
###########.###.....####...# ###
#.....# ##### ##....# ######


You could see an orc warrior.

Vanquished Creatures
  A hound (D:2)
  2 adders (D:2)
  A worm (D:2)
  A dart slug (D:2)
  5 leopard geckos
  6 goblins
  3 hobgoblins
  4 kobolds (D:1)
  2 bats (D:1)
  5 frilled lizards
  4 rats
34 creatures vanquished.

Notes
Turn   | Place    | Note
-------+----------+-------------------------------------------
     0 | D:1      | Flugslaktarn the Mummy Fighter began the quest for the Orb.
     0 | D:1      | Reached XP level 1. HP: 18/18 MP: 1/1
   252 | D:1      | Reached XP level 2. HP: 24/24 MP: 2/2
   696 | D:1      | Reached XP level 3. HP: 24/29 MP: 3/3
  1374 | D:2      | Found a burning altar of Makhleb.
  1387 | D:2      | Reached XP level 4. HP: 26/35 MP: 4/4
  1535 | D:2      | Noticed an orc warrior
  1566 | D:2      | HP: 1/35 [orc priest/divine providence (13)]
  1881 | D:1      | Slain by an orc warrior

Illustrated notes

Levels and vault maps discovered:
D:1:      nzn_arrival_depleted_hourglass, layout_rooms
D:2:      layout_rooms, makhleb_blood_cavern_becter

Skill      XL: |  1  2 |
---------------+-------+-----
Axes           | 2 |  2.6
Fighting       | |  3.5
Armour         | |  2.9
Shields        | |  2.9

Action                   |  1- 3 |  4- 6 || total
-------------------------+-------+-------++-------
Melee: War axe           |    72 |       ||    72
       Hand axe          |    40 |     7 ||    47
  Use: Scroll            |     1 |       ||     1
Armor: Scale mail        |    58 |     1 ||    59
Dodge: Dodged            |    43 |     3 ||    46
Block: Kite shield       |    57 |     7 ||    64

Table legend:
 A = Non-vault XP
 B = Vault XP
 C = Vault XP percentage of total XP
 D = Non-vault monster count
 E = Vault monster count
 F = Vault count percentage of total count
                 A         B        C        D         E       F
            +---------+---------+-------+---------+---------+-------
      Total |      86 |      45 |  34.4 |      33 |       1 |   2.9
            +---------+---------+-------+---------+---------+-------
        D:1 |      42 |       0 |   0.0 |      24 |       0 |   0.0
        D:2 |      44 |      45 |  50.6 |       9 |       1 |  10.0
            +---------+---------+-------+---------+---------+-------
